 Dungeon Crawl Stone Soup version 0.30.0-19-g36f170ea60 (webtiles) character file.

Game seed: 11461434829510282520

68 monsoonserge the Vexing (level 4, -5/32 HPs)
             Began as a Human Wanderer on May 29, 2023.
             Slain by an iguana (10 damage)
             ... on level 3 of the Dungeon.
             The game lasted 00:06:19 (2064 turns).

monsoonserge the Vexing (Human Wanderer)            Turns: 2064, Time: 00:06:20

Health: -5/32      AC:  5    Str: 17    XL:     4   Next: 41%
Magic:  5/5        EV: 11    Int: 15    God:
Gold:   114        SH:  0    Dex: 13    Spells: 1/5 levels left

rFire   . . .        q - +1 spear (flame)
rCold   . . .        (no shield)
rNeg    . . .        n - +0 leather armour
rPois   +            (no helmet)
rElec   .            h - +0 cloak
rCorr   .            (no gloves)
SInv    .            i - +0 pair of boots
Will    .....        v - amulet of the acrobat
Stlth   +            j - +6 ring of strength
HPRegen 0.25/turn    l - ring of poison resistance
MPRegen 0.09/turn

%: acrobat
@: no status effects
A: no striking features
a: no special abilities


You were on level 3 of the Dungeon.
You visited 1 branch of the dungeon, and saw 3 of its levels.

You collected 114 gold pieces.

Inventory:

Hand Weapons
 a - a +0 quarterstaff
 q - a +1 spear of flaming (weapon)
Missiles
 k - 5 poisoned darts (quivered)
 m - 27 stones
 s - 2 boomerangs of dispersal
 u - 2 silver javelins
Armour
 b - a +0 ring mail
 h - a +0 cloak (worn)
 i - a +0 pair of boots (worn)
 n - a +0 leather armour (worn)
 C - a +0 chain mail
Magical Staves
 e - a staff of death
Jewellery
 j - a +6 ring of strength (left hand)
 l - a ring of poison resistance (right hand)
 v - an amulet of the acrobat (around neck)
Scrolls
 c - a scroll of blinking
 f - 3 scrolls of magic mapping {unknown}
 o - 4 scrolls of identify {unknown}
 p - a scroll of enchant armour {unknown}
 r - 3 scrolls of fog {unknown}
 w - a scroll of poison {unknown}
 x - a scroll of brand weapon {unknown}
 y - a scroll of enchant weapon {unknown}
 B - a scroll of vulnerability {unknown}
Potions
 d - a potion of lignification {unknown}
 g - 2 potions of heal wounds {unknown}
 t - a potion of haste {unknown}
 z - a potion of flight {unknown}
 A - a potion of degeneration {unknown}
 D - a potion of berserk rage {unknown}


   Skills:
 + Level 1.6 Fighting
 + Level 0.1(1.4) Polearms
 - Level 2.5 Staves
 * Level 2.4 Armour
 + Level 1.3 Dodging
 + Level 0.1 Stealth
 * Level 1.1 Spellcasting
 * Level 3.5 Hexes
 + Level 1.0 Invocations


You had one spell level left.
You knew the following spells:

 Your Spells              Type           Power      Damage    Failure   Level
a - Slow                  Hex            44%        N/A       7%          1
b - Tukima's Dance        Hex            11%        N/A       21%         3

Your spell library contained the following spells:

 Spells                   Type           Power      Damage    Failure   Level
 Magic Dart               Conj           0%         1d3       28%         1
 Portal Projectile        Hex/Tloc       12%        N/A       38%         3
 Call Imp                 Summ           0%         N/A       41%         2
 Mephitic Cloud           Conj/Pois/Air  0%         N/A       65%         3


Dungeon Overview and Level Annotations

Branches:
Dungeon (3/15)

Altars:
Wu Jian


Message History

B - a scroll labelled DUHYCU SICWOVU
There is an escape hatch in the floor here.
Found a chain mail.
Found a sedimented yellow potion.
You see here a +0 mace.
You see here a +0 chain mail.
C - a +0 chain mail
D - a sedimented yellow potion
There are no items here.
m - 27 stones (gained 7)
An iguana comes into view.
The iguana hisses angrily.
Reach: q) +1 spear (flame)
Press: ? - help, Dir - move target, f - iguana
Aim: an iguana (about 36% to evade your +1 spear of flaming)
You reach to attack!
You hit the iguana but do no damage. You closely miss the iguana.
The iguana bites you!
You hit the iguana but do no damage. The iguana bites you!
You hit the iguana but do no damage. The iguana bites you!
* * * LOW HITPOINT WARNING * * *
You hit the iguana. You burn the iguana.
The iguana is lightly wounded.
The iguana barely misses you.
Casting: Slow (safe; 7% risk of failure)
Confirm with . or Enter, or press ? or * to list all spells.
Okay, then.
You hit the iguana. You burn the iguana.
The iguana is heavily wounded.
The iguana misses you.
You barely miss the iguana.
The iguana is heavily wounded.
The iguana bites you.
* * * LOW HITPOINT WARNING * * *
You hit the iguana but do no damage.
The iguana is heavily wounded.
The iguana barely misses you.
You completely miss the iguana.
The iguana is heavily wounded.
The iguana bites you!
You die...

#......###.. ##. #.#.......#. #..
##.#..####... #.# #....####<..#
#.####...## #..###
#.##...######.####
#......##.....##..
####l.##.###.######.#
###########...@.#......# #.#
##...[.#.....#......##### #.#
##.................#.# #####.#
#.......†.........##.# #......
#..............<.###.# ###..#..#
#...............## ..####........
#...............###.###.....#####
#.........................#.#
#...............##..##...##.#


You could see an iguana.

Vanquished Creatures
  2 adders (D:2)
  3 endoplasms (D:1)
  A giant cockroach (D:1)
  5 goblins
  4 hobgoblins
  4 jackals
  3 quokkas (D:1)
  4 ball pythons
  8 bats (D:1)
  6 frilled lizards
  2 kobolds
  7 rats
49 creatures vanquished.

Notes
Turn   | Place    | Note
-------+----------+-------------------------------------------
     0 | D:1      | monsoonserge the Human Wanderer began the quest for the
                  | Orb.
     0 | D:1      | monsoonserge set off with the following items: a +0
                  | quarterstaff, a +0 ring mail, a scroll of blinking; and the
                  | following spell memorised: Slow; and the following spells
                  | available to memorise: Tukima's Dance, Portal Projectile.
     0 | D:1      | Reached XP level 1. HP: 15/15 MP: 2/2
   353 | D:1      | Reached XP level 2. HP: 20/21 MP: 3/3
   568 | D:1      | Reached XP level 3. HP: 26/26 MP: 4/4
   647 | D:1      | Learned a level 3 spell: Tukima's Dance
  1391 | D:2      | Reached skill level 1 in Dodging
  1400 | D:2      | Reached XP level 4. HP: 28/32 MP: 5/5
  1914 | D:3      | Found an ornate altar of the Wu Jian Council.
  2064 | D:3      | Slain by an iguana

Illustrated notes

Levels and vault maps discovered:
D:1:      amcnicky_arrival_feature_with_door, layout_basic, st_stairs_13,
          serial_park_tiny_2
D:2:      layout_basic, minivault_14
D:3:      layout_rooms, yredelemnul_forgotten_temple_becter,
          mainiacjoe_overflow_cross_hatched, nicolae_uskayaw_suspiria

Skill      XL: |  1  2  3 |
---------------+----------+-----
Dodging        | 1 |  1.3
Fighting       | |  1.6
Polearms       | |  0.1
Staves         | |  2.5
Armour         | |  2.4
Stealth        | |  0.1
Spellcasting   | |  1.1
Hexes          | |  3.5
Invocations    | |  1.0

Action                     |  1- 3 |  4- 6 || total
---------------------------+-------+-------++-------
  Melee: Quarterstaff      |   108 |       ||   108
         Spear             |    20 |    43 ||    63
   Cast: Slow              |     2 |       ||     2
   Stab: Sleeping          |     1 |       ||     1
 Armour: Ring mail         |    44 |       ||    44
         Leather armour    |    21 |    10 ||    31
  Dodge: Dodged            |    82 |    27 ||   109
